 Dungeon Crawl Stone Soup version 0.30-a0-603-g51a0fb1b98 (webtiles) character file.

Game seed: 6474404956260429928

442159 kae the Wrestler (level 23, -24/188 HPs)
             Began as a Demonspawn Transmuter on Jan 7, 2023.
             Was a High Priest of Ru.
             Shot with a bolt by a yaktaur captain (33 damage)
             ... on level 5 of the Vaults.
             The game lasted 01:14:18 (45272 turns).

kae the Wrestler (Demonspawn Transmuter)           Turns: 45272, Time: 01:14:18

Health: -24/188    AC:  6    Str: 25    XL:     23   Next: 4%
Magic:  0/40       EV: 20    Int: 16    God:    Ru [*****.]
Gold:   5823       SH:  6    Dex: 15    Spells: 8/38 levels left

rFire   . . .      SeeInvis +      - Unarmed
rCold   . . .      Faith    .    (no shield)
rNeg    + . .      Spirit   +    C - +0 robe
rPois   .          Reflect  .    (helmet unavailable)
rElec   .          Harm     .    J - +2 cloak
rCorr   .          Rampage  .    (no gloves)
Will    +++++                    (no boots) Stlth
                                 Y - amulet "Mitusi" {Spirit Will+++ Slay+3 SInv}
HPRegen 0.51/turn                S - ring of willpower
MPRegen 0.27/turn                K - ring "Secaca" {rN+ MP+9 Str+4 Dex+2}

@: studying Fighting, unable to drink
A: horns 3, large bone plates 2, demonic guardian 3, low MP 1, powered by pain
2, augmentation 2, inability to drink after injury 2, no stealth, inability to
use devices, no hexes magic, no necromancy magic, no poison magic, shaggy fur 1,
no potion heal 1
}: 2/15 runes: decaying, serpentine
a: Renounce Religion, Sacrifice Love, Sacrifice Purity, Sacrifice an Eye, Reject
Sacrifices, Draw Out Power, Power Leap, Apocalypse


You were on level 5 of the Vaults.
You worshipped Ru.
Ru was extremely pleased with you.
You visited 7 branches of the dungeon, and saw 38 of its levels.
You also visited: Bailey, Gauntlet and Ice Cave.

You collected 7467 gold pieces.
You spent 1644 gold pieces at shops.


Innate Abilities, Weirdness & Mutations

You have a pair of large horns on your head.
You are mostly covered in large bone plates. (SH +6)
A powerful demonic guardian rushes to your aid.
Your magical capacity is low. (-10% MP)
You sometimes gain power by taking damage.
Your magical and physical power is enhanced at high health.
You sometimes lose the ability to drink potions when taking damage.
You cannot be stealthy.
You cannot study or use magical devices.
You cannot study or cast Hexes magic.
You cannot study or cast Necromancy magic.
You cannot study or cast Poison magic.
You are covered in fur. (AC +1)
Potions are less effective at restoring your health.


   Skills:
 + Level 17.4 Fighting
 + Level 15.1 Dodging
 * Level 22.3 Unarmed Combat
 - Level 8.0 Spellcasting
 * Level 17.3 Transmutations
 - Level 6.1 Ice Magic
 - Level 13.0 Earth Magic


You had 8 spell levels left.
You knew the following spells:

 Your Spells              Type           Power      Damage    Failure   Level
a - Statue Form           Tmut/Erth      35%        N/A       3%          6
b - Wereblood             Tmut           58%        N/A       0%          2
c - Dragon Form           Tmut           29%        N/A       8%          7
d - Ice Form              Ice/Tmut       43%        N/A       1%          4
e - Passwall              Tmut/Erth      44%        N/A       1%          2
f - Swiftness             Air            6%         N/A       32%         3
g - Spider Form           Tmut/Pois      34%        N/A       1%          3
h - Ozocubu's Armour      Ice            26%        N/A       2%          3

Your spell library contained the following spells:

 Spells                   Type           Power      Damage    Failure   Level
 Beastly Appendage        Tmut           100%       N/A       0%          1
 Freeze                   Ice            100%       1d10      1%          1
 Sandblast                Erth           96%        2d20      1%          1
 Petrify                  Tmut/Erth      53%        N/A       1%          4
 Blade Hands              Tmut           29%        N/A       1%          5
 Frozen Ramparts          Ice            52%        1d8       2%          3
 Stone Arrow              Conj/Erth      54%        3d10      2%          3
 Animate Armour           Summ/Erth      54%        N/A       8%          4
 Irradiate                Conj/Tmut      17%        3d17      9%          5
 Hailstorm                Conj/Ice       16%        3d6       10%         3
 Summon Small Mammal      Summ           24%        N/A       11%         1
 Blink                    Tloc           12%        N/A       17%         2
 Momentum Strike          Conj/Tloc      12%        3d8       17%         2
 Call Canine Familiar     Summ           6%         N/A       32%         3
 Kindle Blastsparks       Fire/Tloc/Air  12%        2d11      32%         3
 Lesser Beckoning         Tloc           12%        N/A       32%         3
 Vhi's Electric Charge    Tloc/Air       12%        N/A       32%         3
 Summon Ice Beast         Ice/Summ       16%        N/A       32%         4
 Flame Wave               Conj/Fire      6%         2d5       73%         4
 Sticky Flame             Conj/Fire      6%         2d3       73%         4
 Iron Shot                Conj/Erth      13%        9d3       75%         6
 Freezing Cloud           Conj/Ice/Air   6%         6-21      80%         5
 Summon Forest            Summ/Tloc      3%         N/A       97%         5
 Summon Cactus Giant      Summ           3%         N/A       100%        6
 Malign Gateway           Summ/Tloc      3%         N/A       100%        7
 Monstrous Menagerie      Summ           3%         N/A       100%        7
 Ozocubu's Refrigeration  Ice            13%        4d10      100%        7
 Summon Hydra             Summ           3%         N/A       100%        7
 Summon Horrible Things   Summ           3%         N/A       100%        8
 Ignite Poison            Fire/Tmut/Pois Unusable   N/A       N/A         3
 Ensorcelled Hibernation  Hex/Ice        Unusable   N/A       N/A         2
 Leda's Liquefaction      Hex/Erth       Unusable   N/A       N/A         4
 Yara's Violent Unravell  Hex/Tmut       Unusable   3d8       N/A         5
 Kiss of Death            Conj/Necr      Unusable   2d7       N/A         1
 Sublimation of Blood     Necr           Unusable   N/A       N/A         2
 Borgnjor's Vile Clutch   Necr/Erth      Unusable   N/A       N/A         5
 Confusing Touch          Hex            Unusable   N/A       N/A         3
 Inner Flame              Hex/Fire       Unusable   N/A       N/A         3
 Portal Projectile        Hex/Tloc       Unusable   N/A       N/A         3
 Summon Guardian Golem    Hex/Summ       Unusable   N/A       N/A         3
 Tukima's Dance           Hex            Unusable   N/A       N/A         3
 Vampiric Draining        Necr           Unusable   2d6       N/A         3
 Eringya's Noxious Bog    Tmut/Pois      Unusable   N/A       N/A         6
 Metabolic Englaciation   Hex/Ice        Unusable   N/A       N/A         5
 Animate Dead             Necr           Unusable   N/A       N/A         4
 Dispel Undead            Necr           Unusable   3d8       N/A         4
 Summon Mana Viper        Hex/Summ       Unusable   N/A       N/A         5
 Death Channel            Necr           Unusable   N/A       N/A         6
 Enfeeble                 Hex            Unusable   N/A       N/A         7

Inventory:

Missiles
 e - 26 boomerangs
 t - 13 javelins
 I - a curare-tipped dart {=f}
 M - 4 throwing nets {=f!f}
 Q - 343 stones (quivered)
 W - 49 poisoned darts
Armour
 y - the +4 Cigotuvi's embrace {rMiasma Drain rN+}
   (You found it on level 1 of the Snake Pit)

   It gathers nearby corpses to temporarily increase the armour it provides.
   It protects you from foul pestilence.
   rN:        It protects you from negative energy.
   Drain:     It drains your maximum health when unequipped.
 C - a +0 robe (worn)
 J - a +2 cloak (worn)
   (You found it on level 9 of the Dungeon)
 V - a +2 pair of boots of flying
   (You found it in a Gauntlet)
Magical Staves
 a - a staff of earth {!a}
   (You took it off Jorgrun on level 2 of the Swamp)
 v - a staff of death {!a}
   (You took it off a centaur on level 11 of the Dungeon)
Jewellery
 c - a ring of protection from cold
   (You found it on level 1 of the Lair of Beasts)
 d - a +6 ring of dexterity
   (You took it off a centaur warrior on level 3 of the Vaults)
 g - an amulet of regeneration
   (You found it on level 1 of the Lair of Beasts)
 x - a ring of protection from cold
   (You took it off a reaper in an ice cave)
 D - a +6 ring of dexterity
   (You took it off a deep elf death mage on level 3 of the Elven Halls)
 G - an amulet of guardian spirit
   (You found it on level 5 of the Lair of Beasts)
 K - the ring "Secaca" (right hand) {rN+ MP+9 Str+4 Dex+2}
   (You found it on level 10 of the Dungeon)

   [ring of magical power]

   Str:       It affects your strength (+4).
   Dex:       It affects your dexterity (+2).
   rN:        It protects you from negative energy.
   MP:        It affects your magic capacity (+9).
 N - a ring of positive energy
   (You found it on level 2 of the Lair of Beasts)
 O - a +4 ring of protection
   (You found it on level 5 of the Lair of Beasts)
 P - a ring of poison resistance
   (You found it on level 1 of the Dungeon)
 S - a ring of willpower (left hand)
   (You found it on level 9 of the Dungeon)
 Y - the amulet "Mitusi" (around neck) {Spirit Will+++ Slay+3 SInv}
   (You bought it in a shop on level 1 of the Snake Pit)

   [amulet of guardian spirit]

   It causes incoming damage to be divided between your reserves of health and
   magic.
   Slay:      It affects your accuracy & damage with ranged weapons and melee
   (+3).
   SInv:      It lets you see invisible.
   Will:      It greatly increases your willpower.
 Z - the ring of the Harvest {*Corrode rC+ Dex+4 Stlth+}
   (You found it in a Gauntlet)

   [ring of protection from cold]

   Dex:       It affects your dexterity (+4).
   rC:        It protects you from cold.
   *Corrode:  It may corrode you when you take damage.
   Stlth:     It makes you more stealthy.
Scrolls
 b - a scroll of blinking {!r}
 f - 5 scrolls of torment {!r}
 h - 2 scrolls of fog
 i - 12 scrolls of enchant armour
 k - 4 scrolls of silence {!r}
 s - 13 scrolls of teleportation {@r4}
 w - 6 scrolls of vulnerability {!r!r}
 A - 5 scrolls of magic mapping {!r}
 E - 7 scrolls of enchant weapon
 R - 5 scrolls of fear
 U - 8 scrolls of amnesia
 X - 2 scrolls of brand weapon
Potions
 j - 9 potions of heal wounds {@q2}
 l - 13 potions of haste {@q3}
 m - 4 potions of might
 n - 11 potions of lignification {!q}
 o - 15 potions of curing {@q1}
 p - 7 potions of flight
 q - 10 potions of mutation {!q}
 r - a potion of brilliance
 u - a potion of ambrosia
 z - 3 potions of magic
 B - 9 potions of attraction {!q}
 F - 3 potions of invisibility
 H - 4 potions of cancellation
 L - 4 potions of resistance
 T - 4 potions of berserk rage {!q}

Dungeon Overview and Level Annotations

Branches:
Dungeon (15/15) Zot: 25615  Temple (0/1) D:5            Lair (5/5) D:10 Zot: 22701
  Swamp (4/4) Lair:3 Zot: 19094   Snake (4/4) Lair:2 Zot: 18700   Slime (0/5) Lair:5
    Orc (2/2) D:9 Zot: 10244     Elf (3/3) Orc:2 Zot: 13190  Vaults (5/5) D:13 Zot: 21373
  Crypt (0/3) Vaults:3     Depths (0/4) D:15         Bailey (visited)
  IceCv (visited)         Gauntlet (visited)

Altars:
Dithmenos
Fedhas
Hepliaklqana
Kikubaaqudgha
Nemelex Xobeh
Okawaru
Qazlal
Ru
Sif Muna
Trog
Uskayaw
Vehumet
Xom
Jiyva

Shops:
D:3 (   Orc:1 [   Orc:2 (*(*   Elf:3 ?*:   Snake:1 =   Snake:2 *   Vaults:3 [
Vaults:4 [[[

Annotations:
D:14 4 transporters

#....#.." .
#....#.. ##
#+#....#.# $)##
###.#....#w##....#
+..........)......
####.......)######
......)<<)(........
......<)D<)c.......
.......1@.)........
...^..).†.)........
####....)[..#######
#.c........#
#X#.#..(.#..#
#.#.#...^#.W.# .
#.#....#....#
#..p.#......
#....#####..


You could see a tentacled monstrosity, a quicksilver dragon (distracted, ally
target), 2 yaktaur captains, a phantasmal warrior, an ironbound convoker, a
swamp worm shaped shifter and a friendly Executioner (summoned).


Message History

You are too injured to fight recklessly!
You squash the ettin like an ant!!!
You kill the ettin!
The orc knight hits you with a +0 long sword.
You pulverise the orc knight!!!!
You kill the orc knight!
You hear a shout!
A yaktaur captain comes into view. It is wielding a +0 dagger.
The stone giant throws a large rock.
The large rock hits you!!
You see here a shadow dragon corpse. 😮 HP[-22] MP[-4]
You take 22 damage, and now have 134/244 hp.
You lost 4 mp, and now have 27/40 mp.
A yaktaur captain comes into view.
You see here a +0 rapier. 😮 HP[+1]
The stone giant misses you.
The yaktaur captain wields a +0 arbalest.
The yaktaur captain shoots a bolt.
You block the bolt. The stone giant hits you!!
* * * LOW HITPOINT WARNING * * *
The yaktaur captain unwields a +0 dagger.
The yaktaur captain wields a +0 arbalest.
The yaktaur captain shoots a bolt.
The bolt hits you but does no damage. 😨 HP[-18] MP[-3]
You take 18 damage, and now have 117/244 hp.
You lost 3 mp, and now have 24/40 mp.
You punch the stone giant! You headbutt the stone giant!
You punch the stone giant! The stone giant misses you.
The yaktaur captain shoots a bolt.
The bolt hits you!!
* * * LOW HITPOINT WARNING * * *
You focus on the pain.
You feel your power returning.
The yaktaur captain is stunned by your conviction and fails to attack. 😨 HP[-27] MP[+11]
You take 27 damage, and now have 90/244 hp.
You regained 11 mp, and now have 35/40 mp.
You beat the stone giant into a bloody pulp!!!
You kill the stone giant!
You hear a shout!
A quicksilver dragon comes into view. 😨 HP[+1]
The quicksilver dragon breathes dispelling energy at you.
The bolt of dispelling energy misses you.
You redirect the yaktaur captain's attack!
The yaktaur captain shoots a bolt.
The bolt hits the yaktaur captain!!!
The yaktaur captain shoots a bolt.
The bolt hits you!!
* * * LOW HITPOINT WARNING * * *
You focus your inner power and blind the yaktaur captain in retribution!
The yaktaur captain shoots a bolt.
The bolt completely misses you.
You hear a shout! x3
You see here a +0 rapier.
The yaktaur captain shoots a bolt.
You block the bolt.
The quicksilver dragon breathes dispelling energy at you.
The bolt of dispelling energy hits you but does no damage.
Your magical effects are unravelling.
A phantasmal warrior comes into view.
You hear two shouts!
You see here a shadow dragon corpse. 😨 HP[-12] MP[-5]
You take 12 damage, and now have 79/244 hp.
You lost 5 mp, and now have 30/40 mp.
A dream sheep comes into view.
You revert to your normal fleshy form.
Your +0 robe unmelds from your body.
The quicksilver dragon bites you!
* * * LOW HITPOINT WARNING * * *
The quicksilver dragon claws you!
* * * LOW HITPOINT WARNING * * *
The yaktaur captain drinks a potion.
The yaktaur captain is healed!
The quicksilver dragon barely misses you.
You block the quicksilver dragon's attack.
The yaktaur captain shoots a bolt.
The bolt hits you!!
* * * LOW HITPOINT WARNING * * *
A demonic guardian appears!
There is an escape hatch in the ceiling, spattered with blood here.
You see here 3 large rocks {=f}. 😱 HP[-47] MP[-15]
You now have 188 max hp (-56).
You lost 15 mp, and now have 15/40 mp.
You squash the quicksilver dragon like an ant!!!
You hear a shout!
The quicksilver dragon bites you but does no damage.
The quicksilver dragon claws you!
* * * LOW HITPOINT WARNING * * *
The dream sheep "Baaaas" sleepily.
The yaktaur captain shoots a bolt.
The bolt hits you!
* * * LOW HITPOINT WARNING * * *
😱 HP[-13] MP[-7]
You take 13 damage, and now have 19/188 hp.
You lost 7 mp, and now have 8/40 mp.
Unknown command.
The dream sheep changes into a swamp worm!
The quicksilver dragon bites you!
* * * LOW HITPOINT WARNING * * *
The quicksilver dragon misses you.
Your Executioner completely misses the quicksilver dragon.
Your Executioner misses the quicksilver dragon.
Your Executioner hits the quicksilver dragon but does no damage.
The yaktaur captain shoots a bolt.
The bolt closely misses you.
The yaktaur captain shoots a bolt.
The bolt hits you!!!
You die...

Skill      XL: |  1  2  3  4  5  6  7  8  9 10 11 12 13 14 15 16 17 18 19 20 21 22 |
---------------+-------------------------------------------------------------------+-----
Transmutations | 2 3 4 5 6 7 8 10 11 12 13 14 15 17 | 17.3
Unarmed Combat | 3 4 5 9 10 12 13 14 15 17 19 20 21 22 | 22.3
Poison Magic   | 1 0 |  0.0
Spellcasting   | 3 4 5 6 7 8 |  8.0
Ice Magic      | 1 2 4 5 6 |  6.1
Fighting       | 5 6 8 9 11 13 14 15 17 | 17.4
Dodging        | 5 6 7 8 9 10 12 13 14 15 | 15.1
Earth Magic    | 6 11 12 13 | 13.0

Action                   |  1- 3 |  4- 6 |  7- 9 | 10-12 | 13-15 | 16-18 | 19-21 | 22-24 || total
-------------------------+-------+-------+-------+-------+-------+-------+-------+-------++-------
Melee: Unarmed           |    69 |   121 |   163 |   429 |   969 |   418 |  1030 |   319 ||  3518
       Kick              |    15 |    22 |     4 |       |       |       |       |       ||    41
       Headbutt          |     6 |    16 |     2 |     2 |   196 |   100 |   269 |    81 ||   672
       Punch             |     1 |       |     1 |     1 |    61 |    39 |   122 |    53 ||   278
       Long sword        |       |    36 |       |       |       |       |       |       ||    36
       Tailslap          |       |       |       |       |       |       |       |     1 ||     1
       Bite              |       |       |       |       |       |       |       |     1 ||     1
 Cast: Beastly Appendage |    15 |    26 |     5 |       |     2 |     1 |       |       ||    49
       Spider Form       |       |     5 |     6 |       |       |       |       |       ||    11
       Wereblood         |       |     2 |     4 |    17 |    13 |    14 |    21 |     9 ||    80
       Ice Form          |       |       |    14 |    49 |    28 |     1 |       |       ||    92
       Statue Form       |       |       |       |       |    65 |    42 |   117 |    28 ||   252
       Dragon Form       |       |       |       |       |       |       |       |     1 ||     1
Invok: Sacrifice Drink   |       |       |     1 |       |       |       |       |       ||     1
       Reject Sacrifices |       |       |       |     1 |       |       |     1 |       ||     2
       Sacrifice Artific |       |       |       |       |     1 |       |       |       ||     1
       Sacrifice Arcana  |       |       |       |       |     1 |       |       |       ||     1
       Draw Out Power    |       |       |       |       |     2 |     3 |     6 |     3 ||    14
       Sacrifice Essence |       |       |       |       |     1 |       |       |       ||     1
       Sacrifice Stealth |       |       |       |       |       |     1 |       |       ||     1
 Abil: End Transformatio |       |       |       |       |       |       |     1 |       ||     1
Evoke: Wand              |       |       |     5 |     7 |       |       |       |       ||    12
  Use: Scroll            |     3 |    10 |     5 |     6 |     7 |     1 |    10 |       ||    42
       Potion            |     3 |     1 |     4 |     2 |     7 |     1 |       |       ||    18
 Stab: Invisible         |     1 |       |     1 |       |     4 |     3 |    13 |       ||    22
       Sleeping          |     1 |       |       |       |       |       |       |       ||     1
       Paralysed         |       |       |     7 |       |     2 |     1 |     5 |       ||    15
       Petrified         |       |       |       |       |     2 |       |       |       ||     2
       Distracted        |       |       |       |       |    10 |     2 |     4 |     1 ||    17
Armor: Robe              |    10 |    22 |     1 |     1 |     8 |       |     5 |     2 ||    49
       Skin              |       |       |    30 |   100 |   524 |   277 |   614 |   221 ||  1766
Dodge: Dodged            |    28 |   124 |   199 |   272 |   824 |   402 |   953 |   368 ||  3170
Block: Other             |       |    17 |     7 |       |   149 |   173 |   338 |   120 ||   804

Levels and vault maps discovered:
D:1:      sevenhm_arrival_forest_fort_small_6, layout_basic, nrook_loot_triangle
D:2:      layout_basic, serial_curves, eino_curves_03, eino_curves_02,
          eino_curves_02
D:3:      layout_loops_ring, serial_shops, nicolae_shop_behind_doors,
          hellmonk_ecumenical_altar_inner_sanctum, kennysheep_generic_room_3
D:4:      layout_gridville, nicolae_ru_the_path_less_chosen,
          mainiacjoe_overflow_brackets, nicolae_qazlal_general_emergency,
          dilly_guarded_unrand_throatcut
D:5:      layout_basic, minmay_temple_entry_statues_pillars, sigmund_army
D:6:      layout_cave_pools, mainiacjoe_overflow_alcove_1,
          mainiacjoe_overflow_catwalk, mainiacjoe_overflow_boulevard,
          uniq_maggie
D:7:      layout_basic, nicolae_overflow_squiral,
          nicolae_kikubaaqudgha_miasma_corner
D:8:      layout_basic, enter_bailey_5, serial_rivers,
          chequers_serial_rivers_micro_a, chequers_serial_rivers_large_b,
          chequers_serial_rivers_room_b, chequers_serial_rivers_large_a,
          chequers_serial_rivers_room_a, hellmonk_ghost_happy_afterlife
D:9:      layout_rooms, zin_treasury, orc_0_dummy, mrwooster_statue_mirror
D:10:     layout_roguey, nicolae_overflow_crystal_walls, kennysheep_mini_moat,
          lemuel_crystal_altar, mainiacjoe_overflow_alcove_4,
          david_lair_generic, kennysheep_decorative_pillar,
          nicolae_concentric_dashed_squares_wild, dreamdust_deal_with_the_devil,
          minivault_28, uniq_harold
D:11:     minmay_octagon_keep, layout_basic, uniq_maurice, uniq_amaemon
D:12:     layout_roguey, uniq_fannar
D:13:     layout_long_grid, hangedman_vaults_entry_quadrant_bands,
          portal_ice_cave_entry_pillars_1, serial_bayou_lagoon_b, uniq_erolcha
D:14:     layout_cave_pools, hangedman_glass_teeth, corexii_checkpoint_b,
          nicolae_diode_quadrants
D:15:     grunt_enter_depths_magical_seal, layout_stronghold, dk_noncrumbling_3
Lair:1:   layout_cave_pods, grunt_megastairs_5, uniq_grum
Lair:2:   layout_hall_layers, minmay_snake_entry_six_corridors,
          grunt_forest_stairs_basic
Lair:3:   layout_cave_pods, nicolae_swamp_entry_splash_gauntlet, minivault_23
Lair:4:   layout_roguey, gauntlet_entry_generic, grunt_forest_small_clearings
Lair:5:   hangedman_lair_caniforms_friends, layout_regular_city,
          minmay_slime_entry_jelly_boxes, minmay_shattered_shrine
Swamp:1:  layout_basic_swamp, hangedman_swamp_cone
Swamp:2:  layout_falls_marsh, evilmike_swamp_ruin_house_2, swamp_pool2,
          beargit_kiku_chapel, uniq_jorgrun
Swamp:3:  layout_falls_marsh, nicolae_swamp_feature_on_the_river_bank,
          uniq_donald, uniq_mlioglotl
Swamp:4:  grunt_swamp_rune_castle, layout_basic_swamp, grunt_witch_cave
Snake:1:  layout_layer_cave, serial_shops, shop_coins, st_stairs_12,
          hangedman_snake_pattern
Snake:2:  layout_onion_interference, basic_altar, drop_trap,
          nicolae_shop_overcharged_wands, uniq_aizul, uniq_louise, uniq_nikola
Snake:3:  layout_misc_corridors, drop_trap,
          nicolae_snake_the_dead_are_slithering
Snake:4:  snake_pit_salamanders_mu, layout_cave_town
Orc:1:    layout_diamond_mine, serial_shops, nicolae_shop_hallway_plus
Orc:2:    st_orc_ogre_mass, layout_diamond_mine
Elf:1:    layout_gridlike, kennysheep_underground_church, grunt_megastairs_3
Elf:2:    elven_hall_of_blades_hangedman_alternative
          [nicolae_blade_entry_area_security], layout_rooms,
          portal_desolation_entry_twin_temple, library_closet
Elf:3:    grunt_elf_hall_diamonds, layout_geoelf_grid, serial_shops,
          nicolae_shop_window_shopping, minmay_shop_star
Vaults:1: gammafunk_ghost_fury_of_okawaru, nicolae_vaults_hallways_thing,
          nicolae_vaults_ninety_degrees, v_pattern_5,
          ontoclasm_vaults_decontamination, nicolae_vaults_little_squares_3,
          v_misc_31, vaults_mumra_minichess, layout_vaults_big_room
Vaults:2: v_misc_26, hangedman_vaults_maws, nicolae_vaults_three_branches,
          v_misc_1, vaults_dpeg_spiral, vaults_room_fours, vaults_room_fours,
          layout_vaults_omnigrid, uniq_margery, uniq_mara
Vaults:3: v_alt_pattern_6, vaults_standard_mumra_x, ontoclasm_vaults_chip,
          hangedman_vaults_slither, minmay_crypt_entry_simple_sparse,
          ontoclasm_vaults_hangar, dpeg_vaults_monster_row, v_alt_pattern_6,
          nicolae_vaults_specimen_jars, nicolae_vaults_fighting_squares,
          vaults_room_pools, hangedman_vaults_stretched_pinwheel, v_misc_22,
          v_alt_pattern_4, vaults_room_stairs_pillars, layout_vaults_omnibox,
          serial_shops, shop
Vaults:4: nicolae_vaults_circle_grid_a, v_alt_pattern_1, st_spiral_rooms,
          hangedman_vaults_river_flow, nicolae_vaults_little_ls,
          vaults_dpeg_doors, hangedman_vaults_snaps, v_misc_5,
          ontoclasm_vaults_gateway, grunt_vaults_hallway_short,
          layout_vaults_big_cross, serial_shops, nicolae_diamond_shop, shop,
          nicolae_shop_temple_entry_statues_fountains, uniq_jory
Vaults:5

Notes
Turn   | Place    | Note
-------+----------+-------------------------------------------
     0 | D:1      | kae the Demonspawn Transmuter began the quest for the Orb.
     0 | D:1      | Reached XP level 1. HP: 15/15 MP: 3/3
     0 | D:1      | magus.rc [v1.11.3]
   131 | D:1      | You pick up a book of Burglary and begin reading...
   131 | D:1      | You add the spells Passwall, Ensorcelled Hibernation and
                  | Swiftness to your library.
   144 | D:1      | Reached skill level 2 in Transmutations
   172 | D:1      | Gained mutation: You sometimes gain a little power by
                  | taking damage. [demonic ancestry]
   172 | D:1      | Reached XP level 2. HP: 20/21 MP: 1/5
   437 | D:1      | HP: 5/21 [goblin/+0 dagger (3)]
   445 | D:1      | HP: 3/21 [endoplasm (1)]
   618 | D:1      | Reached skill level 3 in Unarmed Combat
   879 | D:2      | Reached XP level 3. HP: 13/26 MP: 4/6
   885 | D:2      | Learned a level 2 spell: Wereblood
   889 | D:2      | Learned a level 3 spell: Spider Form
   935 | D:2      | Noticed an ogre
   942 | D:2      | HP: 5/39 [ogre/+0 giant spiked club (6)]
   943 | D:2      | HP: 1/39 [ogre/+0 giant spiked club (4)]
   945 | D:2      | Killed an ogre
   946 | D:2      | Reached skill level 3 in Transmutations
   946 | D:2      | Reached skill level 1 in Poison Magic
   946 | D:2      | Gained mutation: You are partially covered in large bone
                  | plates. (SH +4) [demonic ancestry]
   946 | D:2      | Reached XP level 4. HP: 2/32 MP: 6/8
  1695 | D:2      | Identified the +2 scale mail of Jaole {Harm rC+ Str-4
                  | Int+8}
  1939 | D:3      | Found Ruanotit's Weapon Shoppe.
  1951 | D:3      | Reached XP level 5. HP: 32/37 MP: 2/9
  2126 | D:3      | HP: 7/37 [orc priest/+0 mace (6)]
  2241 | D:3      | Found a faded altar of an unknown god.
  2289 | D:3      | Reached skill level 3 in Spellcasting
  2659 | D:4      | Learned a level 4 spell: Ice Form
  2667 | D:4      | Found a stormy altar of Qazlal.
  2697 | D:4      | Found the +7 Throatcutter {drain, coup de grace}
  2713 | D:4      | Reached skill level 4 in Transmutations
  2713 | D:4      | Reached skill level 1 in Ice Magic
  2722 | D:4      | Gained mutation: A weak demonic guardian rushes to your
                  | aid. [demonic ancestry]
  2722 | D:4      | Reached XP level 6. HP: 43/43 MP: 2/10
  2954 | D:4      | You pick up a book of Alchemy and begin reading...
  2954 | D:4      | You add the spells Sublimation of Blood, Petrify and
                  | Irradiate to your library.
  3348 | D:4      | Found a sacrificial altar of Ru.
  3406 | D:4      | Reached skill level 2 in Ice Magic
  3420 | D:4      | Became a worshipper of Ru the Awakened
  3501 | D:4      | You pick up a book of Frost and begin reading...
  3501 | D:4      | You add the spells Freeze, Frozen Ramparts and Hailstorm to
                  | your library.
  3637 | D:5      | Entered Level 5 of the Dungeon
  3677 | D:5      | Found the +7 staff of the Meek {protect, meekguard}
  4008 | D:5      | Reached XP level 7. HP: 48/48 MP: 8/12
  4060 | D:5      | Found a staircase to the Ecumenical Temple.
  4222 | D:5      | Reached skill level 4 in Unarmed Combat
  4310 | D:5      | Identified the +1 leather armour "Oblachela" {rElec rF+ rN+
                  | Dex+6}
  4599 | D:6      | Found a bloodstained altar of Trog.
  4653 | D:6      | Reached skill level 3 in Ice Magic
  4656 | D:6      | Reached skill level 5 in Transmutations
  4689 | D:6      | Found a shimmering altar of Xom.
  4777 | D:6      | Found a hide-covered altar of Uskayaw.
  4798 | D:6      | Noticed Maggie
  4799 | D:6      | Noticed a steam dragon
  4821 | D:6      | Reached skill level 4 in Spellcasting
  4827 | D:6      | HP: 11/57 [Maggie/+1 scimitar of holy wrath (7)]
  4831 | D:6      | Killed Maggie
  4832 | D:6      | Reached skill level 4 in Ice Magic
  4832 | D:6      | Gained mutation: A demonic guardian rushes to your aid.
                  | [demonic ancestry]
  4832 | D:6      | Reached XP level 8. HP: 37/54 MP: 10/14
  5173 | D:6      | Reached skill level 6 in Transmutations
  5607 | D:7      | Reached skill level 5 in Unarmed Combat
  5657 | D:7      | You pick up a book of Alchemy and begin reading...
  5704 | D:7      | Reached skill level 5 in Ice Magic
  5717 | D:7      | Found an ancient bone altar of Kikubaaqudgha.
  5846 | D:7      | Reached XP level 9. HP: 59/59 MP: 11/16
  6036 | D:7      | Paralysed by a gnoll bouda for 4 turns
  6052 | D:7      | Found a blossoming altar of Fedhas.
  6056 | D:7      | Found a shadowy altar of Dithmenos.
  6227 | D:8      | Noticed a two-headed ogre
  6241 | D:8      | Killed a two-headed ogre
  6242 | D:8      | Reached skill level 5 in Spellcasting
  6242 | D:8      | Reached skill level 7 in Transmutations
  6242 | D:8      | Reached skill level 6 in Ice Magic
  6296 | D:8      | Noticed a troll
  6306 | D:8      | HP: 10/70 [troll (10)]
  6308 | D:8      | Killed a troll
  6361 | D:8      | Found a flagged portal.
  6361 | D:8      | HP: 6/59 [orc priest/divine providence (13)]
  6367 | D:8      | Gained mutation: You occasionally lose the ability to drink
                  | potions when taking damage. [Ru sacrifice]
  6367 | D:8      | Gained mutation: You sometimes lose the ability to drink
                  | potions when taking damage. [Ru sacrifice]
  6367 | D:8      | Reached * piety under Ru
  6387 | Bailey   | Entered a bailey
  6778 | Bailey   | Reached skill level 5 in Fighting
  6778 | Bailey   | Reached skill level 5 in Dodging
  6778 | Bailey   | Reached skill level 9 in Unarmed Combat
  6778 | Bailey   | Gained mutation: A powerful demonic guardian rushes to your
                  | aid. [demonic ancestry]
  6778 | Bailey   | Reached XP level 10. HP: 74/74 MP: 18/18
  6784 | Bailey   | Noticed an orc knight
  6817 | Bailey   | Killed an orc knight
  6918 | Bailey   | Noticed an orc knight
  6920 | Bailey   | Reached skill level 8 in Transmutations
  6960 | Bailey   | Killed an orc knight
  7166 | Bailey   | Noticed an orc knight
  7212 | Bailey   | HP: 11/88 [orc warrior/+0 trident (17)]
  7212 | Bailey   | HP: 5/88 [orc knight/+0 halberd (6)]
  7221 | Bailey   | Killed an orc knight
  7222 | Bailey   | Reached skill level 6 in Spellcasting
  7222 | Bailey   | Gained mutation: You sometimes gain power by taking damage.
                  | [demonic ancestry]
  7222 | Bailey   | Reached XP level 11. HP: 9/80 MP: 15/20
  7656 | D:8      | Found a runed translucent door.
  7672 | D:8      | Noticed SlaveLabor's ghost (novice SpEn)
  8605 | D:8      | Killed SlaveLabor's ghost
  8606 | D:8      | Reached skill level 9 in Transmutations
  8837 | D:9      | HP: 20/96 [yak (13)]
  9096 | D:9      | Found a staircase to the Orcish Mines.
  9412 | D:10     | Entered Level 10 of the Dungeon
  9481 | D:10     | Found a sparkling altar of Nemelex Xobeh.
  9529 | D:10     | Reached skill level 10 in Unarmed Combat
  9529 | D:10     | Reached skill level 7 in Spellcasting
  9544 | D:10     | Reached skill level 10 in Transmutations
  9545 | D:10     | Found a staircase to the Lair.
  9551 | D:10     | Identified the ring "Secaca" {rN+ MP+9 Str+4 Dex+2}
  9679 | D:10     | Noticed a two-headed ogre
  9687 | D:10     | Killed a two-headed ogre
  9722 | D:10     | You pick up a book of the Hunter and begin reading...
  9722 | D:10     | You add the spells Call Canine Familiar, Portal Projectile
                  | and Leda's Liquefaction to your library.
  9736 | D:10     | Noticed Harold
  9745 | D:10     | Killed Harold
  9953 | D:10     | Found a hazy altar of Hepliaklqana.
  9976 | D:10     | Noticed a two-headed ogre
  9977 | D:10     | Noticed a centaur warrior
  9977 | D:10     | Noticed a brown ugly thing
  9983 | D:10     | Noticed a tengu warrior
  9987 | D:10     | Killed a two-headed ogre
  9987 | D:10     | HP: 20/96 [centaur warrior/arrow (23)]
 10238 | D:10     | Killed a tengu warrior
 10239 | D:10     | Gained mutation: You have a pair of small horns on your
                  | head. [demonic ancestry]
 10239 | D:10     | Reached XP level 12. HP: 62/86 MP: 23/23
 10484 | D:10     | Noticed a centaur warrior
 10485 | D:10     | Noticed a centaur warrior
 10487 | D:10     | Noticed an ogre mage
 10503 | Lair:1   | Entered Level 1 of the Lair of Beasts
 10881 | Lair:1   | Learned a level 2 spell: Passwall
 10885 | Lair:1   | Learned a level 3 spell: Swiftness
 11122 | Lair:1   | Noticed Grum
 11132 | Lair:1   | Killed Grum
 11390 | Lair:1   | Reached skill level 11 in Transmutations
 11898 | Lair:2   | You pick up a book of Unlife and begin reading...
 11898 | Lair:2   | You add the spells Animate Dead, Borgnjor's Vile Clutch and
                  | Death Channel to your library.
 12016 | Lair:2   | Found a staircase to the Snake Pit.
 12026 | Lair:2   | Reached skill level 8 in Spellcasting
 12081 | Lair:2   | Reached skill level 11 in Unarmed Combat
 12145 | Lair:2   | You pick up a book of Callings and begin reading...
 12145 | Lair:2   | You add the spells Summon Small Mammal and Summon Guardian
                  | Golem to your library.
 12949 | Lair:3   | Reached skill level 6 in Fighting
 13069 | Lair:3   | Reached skill level 6 in Dodging
 13200 | Lair:3   | You pick up a book of the Wilderness and begin reading...
 13200 | Lair:3   | You add the spells Summon Forest, Summon Mana Viper and
                  | Summon Cactus Giant to your library.
 13546 | Lair:3   | Noticed a catoblepas
 13569 | Lair:3   | Killed a catoblepas
 13796 | Lair:3   | Reached skill level 12 in Unarmed Combat
 13796 | Lair:3   | Reached XP level 13. HP: 95/95 MP: 25/25
 13798 | Lair:3   | Found a staircase to the Swamp.
 13803 | Lair:3   | Reached skill level 7 in Fighting
 14067 | Lair:3   | Gained mutation: You cannot study or cast Poison magic. [Ru
                  | sacrifice]
 14067 | Lair:3   | Gained mutation: You cannot study or cast Hexes magic. [Ru
                  | sacrifice]
 14067 | Lair:3   | Gained mutation: You cannot study or cast Necromancy magic.
                  | [Ru sacrifice]
 14067 | Lair:3   | Reduced skill Poison Magic to level 0
 14067 | Lair:3   | Reached ** piety under Ru
 14467 | Lair:4   | Reached skill level 7 in Dodging
 14509 | Lair:4   | HP: 18/115 [death yak (23)]
 14615 | Lair:4   | Found a gate leading to a gauntlet.
 14657 | Gauntlet | Entered a Gauntlet
 14657 | Gauntlet | Found a transporter.
 14668 | Gauntlet | Found a transporter.
 14670 | Gauntlet | Found a transporter.
 14682 | Gauntlet | Found a transporter.
 14692 | Gauntlet | Found a transporter.
 14697 | Gauntlet | Found a transporter.
 14712 | Gauntlet | Found a transporter.
 14731 | Gauntlet | Found a transporter.
 14743 | Gauntlet | Found a transporter.
 14748 | Gauntlet | Found a transporter.
 14761 | Gauntlet | Found a large runed translucent door.
 14762 | Gauntlet | Found a large runed translucent door.
 14763 | Gauntlet | Found a large runed translucent door.
 14763 | Gauntlet | Found a large runed translucent door.
 14764 | Gauntlet | Found a runed translucent gate.
 14765 | Gauntlet | Found a transporter.
 14765 | Gauntlet | Found a runed translucent gate.
 14766 | Gauntlet | Found a runed translucent gate.
 14767 | Gauntlet | Found a large runed translucent door.
 14767 | Gauntlet | Found a large runed translucent door.
 14767 | Gauntlet | Found a runed translucent door.
 14767 | Gauntlet | Found a runed translucent door.
 14768 | Gauntlet | Found a large runed translucent door.
 14769 | Gauntlet | Found a large runed translucent door.
 14771 | Gauntlet | Found a transporter.
 14771 | Gauntlet | Noticed a reaper
 14776 | Gauntlet | Found a large runed translucent door.
 14776 | Gauntlet | Found a large runed translucent door.
 14777 | Gauntlet | Found a large runed translucent door.
 14778 | Gauntlet | Found a large runed translucent door.
 14786 | Gauntlet | Found a transporter.
 14787 | Gauntlet | Found a large runed translucent door.
 14787 | Gauntlet | Found a large runed translucent door.
 14788 | Gauntlet | Found a large runed translucent door.
 14789 | Gauntlet | Found a large runed translucent door.
 14791 | Gauntlet | Noticed a cacodemon
 14803 | Gauntlet | Noticed a dire elephant
 14804 | Gauntlet | Found a transporter.
 14811 | Gauntlet | Found a transporter.
 14811 | Gauntlet | Found a transporter.
 14850 | Gauntlet | Found a transporter.
 14897 | Gauntlet | Found a transporter.
 15051 | Gauntlet | You pick up a book of Sloth and begin reading...
 15067 | Gauntlet | Noticed a minotaur
 15069 | Gauntlet | Learned a level 6 spell: Statue Form
 15080 | Gauntlet | Killed a minotaur
 15081 | Gauntlet | Reached skill level 8 in Fighting
 15125 | Gauntlet | Identified the ring of the Harvest {*Corrode rC+ Dex+4
                  | Stlth+}
 15126 | Gauntlet | You add the spells Ozocubu's Armour and Ozocubu's
                  | Refrigeration to your library.
 15274 | Lair:4   | Reached skill level 13 in Unarmed Combat
 15314 | Lair:4   | Reached skill level 1 in Earth Magic
 15320 | Lair:4   | Reached skill level 2 in Earth Magic
 15818 | Lair:5   | Entered Level 5 of the Lair of Beasts
 15898 | Lair:5   | Reached skill level 3 in Earth Magic
 15998 | Lair:5   | Reached skill level 4 in Earth Magic
 16001 | Lair:5   | HP: 28/117 [catoblepas (10)]
 16140 | Lair:5   | Reached skill level 5 in Earth Magic
 16341 | Lair:5   | Gained mutation: You cannot study or use magical devices.
                  | [Ru sacrifice]
 16341 | Lair:5   | Reached *** piety under Ru
 16341 | Lair:5   | Reached **** piety under Ru
 16341 | Lair:5   | Reached ***** piety under Ru
 16360 | Lair:5   | Reached skill level 6 in Earth Magic
 16502 | Lair:5   | Reached XP level 14. HP: 105/105 MP: 26/26
 16608 | Lair:5   | Reached skill level 7 in Earth Magic
 16665 | Lair:5   | Gained mutation: Potions are less effective at restoring
                  | your health. [mutagenic glow]
 16675 | Lair:5   | Gained mutation: You are covered in fur. (AC +1) [mutagenic
                  | glow]
 16781 | Lair:5   | Reached skill level 8 in Earth Magic
 16845 | Lair:5   | Found a viscous altar of Jiyva.
 16849 | Lair:5   | Found a staircase to the Slime Pits.
 17040 | Lair:5   | Reached skill level 9 in Earth Magic
 17241 | Lair:5   | Reached skill level 10 in Earth Magic
 17307 | Lair:5   | You add the spells Kindle Blastsparks and Freezing Cloud to
                  | your library.
 17986 | D:10     | Reached skill level 11 in Earth Magic
 18001 | D:10     | Found a radiant altar of Vehumet.
 18069 | D:10     | You pick up a book of Spatial Translocations and begin
                  | reading...
 18069 | D:10     | You add the spells Blink, Momentum Strike and Lesser
                  | Beckoning to your library.
 18201 | D:10     | You pick up a book of Flames and begin reading...
 18201 | D:10     | You add the spells Sticky Flame and Flame Wave to your
                  | library.
 18424 | D:10     | Found a shimmering blue altar of Sif Muna.
 18505 | D:11     | Noticed Amaemon
 18518 | D:11     | Killed Amaemon
 18740 | D:11     | You pick up a book of Iron and begin reading...
 18740 | D:11     | You add the spells Animate Armour, Blade Hands and Iron
                  | Shot to your library.
 19198 | D:11     | Noticed Maurice
 19206 | D:11     | Killed Maurice
 19308 | D:11     | Reached skill level 8 in Dodging
 19743 | D:12     | Reached XP level 15. HP: 112/112 MP: 27/27
 19867 | D:12     | Noticed Fannar
 19874 | D:12     | Killed Fannar
 20166 | D:13     | Gained mutation: Your magical capacity is low. (-10% MP)
                  | [Ru sacrifice]
 20192 | D:13     | Found a frozen archway.
 20201 | IceCv    | Entered an ice cave
 20338 | IceCv    | Identified the +2 hat "Yxegasu" {+Blink Will- rCorr Int+4}
 20513 | IceCv    | HP: 29/145 [anaconda simulacrum (11)]
 20517 | IceCv    | Reached skill level 9 in Fighting
 20810 | D:13     | Noticed Erolcha
 20816 | D:13     | Killed Erolcha
 21127 | D:13     | Reached skill level 14 in Unarmed Combat
 21192 | D:13     | Found a gate to the Vaults.
 21586 | Orc:1    | Entered Level 1 of the Orcish Mines
 21805 | Orc:1    | Found Juiven's Armour Shop.
 22073 | Orc:2    | Entered Level 2 of the Orcish Mines
 22388 | Orc:2    | Reached skill level 9 in Dodging
 22433 | Orc:2    | Found Lal Zemo's General Store.
 22433 | Orc:2    | Found Weh Xena's Antique Weapon Shop.
 22434 | Orc:2    | Found Faam's Assorted Antiques.
 22434 | Orc:2    | Found Noocwiucs's Weapon Emporium.
 22642 | Orc:2    | Found a staircase to the Elven Halls.
 23326 | D:14     | Found a transporter.
 23327 | D:14     | Found a transporter.
 23329 | D:14     | Found a transporter.
 23346 | D:14     | Found a transporter.
 23403 | D:14     | Reached skill level 12 in Transmutations
 23403 | D:14     | Reached skill level 12 in Earth Magic
 23403 | D:14     | Gained mutation: You have a pair of horns on your head.
                  | [demonic ancestry]
 23403 | D:14     | Reached XP level 16. HP: 121/121 MP: 25/25
 23404 | D:14     | Reached skill level 15 in Unarmed Combat
 23404 | D:14     | Gained mutation: You are mostly covered in large bone
                  | plates. (SH +6) [demonic ancestry]
 23404 | D:14     | Reached XP level 17. HP: 127/127 MP: 26/26
 23555 | D:14     | Identified the +7 mace of Famm {freeze, rCorr Str+2 Dex+3}
 23758 | D:15     | Entered Level 15 of the Dungeon
 23821 | D:15     | Found a staircase to the Depths.
 23982 | D:15     | Gained mutation: Your magical and physical power is
                  | slightly enhanced at high health. [demonic ancestry]
 23982 | D:15     | Reached XP level 18. HP: 134/134 MP: 27/27
 24065 | D:15     | Reached skill level 10 in Fighting
 24849 | Snake:1  | Entered Level 1 of the Snake Pit
 25124 | Snake:1  | Found the +4 Cigotuvi's embrace {rMiasma Drain rN+}
 25199 | Snake:1  | Found Kusef Neloe's Jewellery Shoppe.
 25214 | Snake:1  | Bought the amulet "Mitusi" {Spirit Will+++ Slay+3 SInv} for
                  | 1554 gold pieces
 25416 | Snake:1  | Reached skill level 16 in Unarmed Combat
 26160 | Snake:1  | Learned a level 3 spell: Ozocubu's Armour
 26258 | Snake:2  | Noticed Aizul
 26272 | Snake:2  | Killed Aizul
 26421 | Snake:2  | Found an ancient bone altar of Kikubaaqudgha.
 26421 | Snake:2  | Noticed Nikola
 26423 | Snake:2  | Gained mutation: You cannot be stealthy. [Ru sacrifice]
 26426 | Snake:2  | Noticed Louise
 26434 | Snake:2  | Killed Nikola
 26437 | Snake:2  | Killed Louise
 26673 | Snake:2  | Found Dalen's Overcharged Wands.
 26806 | Snake:3  | magus.rc [v1.11.3]
 26845 | Snake:3  | Reached skill level 10 in Dodging
 26847 | Snake:3  | Reached skill level 13 in Transmutations
 26858 | Snake:3  | Reached skill level 13 in Earth Magic
 27134 | Snake:3  | Reached skill level 11 in Fighting
 27519 | Snake:3  | Reached skill level 17 in Unarmed Combat
 27835 | Snake:4  | Entered Level 4 of the Snake Pit
 27882 | Snake:4  | Reached XP level 19. HP: 144/144 MP: 27/27
 28043 | Snake:4  | Identified a +1 robe of the Archmagi
 28055 | Snake:4  | Reached skill level 11 in Dodging
 28473 | Snake:4  | Reached skill level 12 in Fighting
 28712 | Snake:4  | Reached skill level 18 in Unarmed Combat
 28885 | Snake:4  | Got a serpentine rune of Zot
 29430 | Swamp:1  | Entered Level 1 of the Swamp
 29470 | Swamp:1  | You pick up a book of Weapons and begin reading...
 29733 | Swamp:1  | You pick up a book of Beasts and begin reading...
 29733 | Swamp:1  | You add the spells Summon Ice Beast and Monstrous Menagerie
                  | to your library.
 29983 | Swamp:1  | You pick up a book of Misfortune and begin reading...
 30501 | Swamp:2  | Noticed Jorgrun
 30519 | Swamp:2  | Killed Jorgrun
 30911 | Swamp:2  | You fall into a shaft and drop 1 floor!
 30911 | Swamp:3  | Noticed Donald
 30918 | Swamp:3  | Killed Donald
 30919 | Swamp:3  | Reached skill level 12 in Dodging
 30922 | Swamp:3  | Noticed Mlioglotl
 30927 | Swamp:3  | Killed Mlioglotl
 31100 | Swamp:2  | Identified 2 scrolls of acquirement
 31174 | Swamp:2  | Reached skill level 13 in Fighting
 31447 | Swamp:2  | Found an ancient bone altar of Kikubaaqudgha.
 31470 | Swamp:2  | Got the Secrets of Wicked Secrets
 31751 | Swamp:3  | Reached skill level 19 in Unarmed Combat
 31819 | Swamp:3  | Found a hazy altar of Hepliaklqana.
 32043 | Swamp:3  | You pick up a book of the Hunter and begin reading...
 32184 | Swamp:4  | Entered Level 4 of the Swamp
 32199 | Swamp:4  | Gained mutation: You have a pair of large horns on your
                  | head. [demonic ancestry]
 32199 | Swamp:4  | Reached XP level 20. HP: 156/156 MP: 28/28
 32330 | Swamp:4  | Noticed the 27-headed Lernaean hydra
 32337 | Swamp:4  | Killed the 27-headed Lernaean hydra
 32534 | Swamp:4  | Got a decaying rune of Zot
 33244 | Swamp:4  | Acquired 1243 gold pieces
 33245 | Swamp:4  | Acquired 1199 gold pieces
 33247 | Swamp:4  | Acquired a book of Transfigurations
 33248 | Swamp:4  | You pick up a book of Transfigurations and begin reading...
 33257 | Swamp:4  | Learned a level 7 spell: Dragon Form
 33496 | Elf:1    | Entered Level 1 of the Elven Halls
 33785 | Elf:1    | Paralysed by an air elemental for 1 turns
 34642 | Elf:2    | Found a crumbling gateway.
 34897 | Elf:2    | Found a huge runed translucent gate.
 34897 | Elf:2    | Found a huge runed translucent gate.
 34901 | Elf:2    | Found a huge runed translucent gate.
 34901 | Elf:2    | Found a huge runed translucent gate.
 34901 | Elf:2    | Found a huge runed translucent gate.
 34914 | Elf:2    | Reached skill level 13 in Dodging
 35117 | Elf:2    | You pick up a book of Burglary and begin reading...
 35290 | Elf:2    | Reached skill level 14 in Fighting
 35747 | Elf:2    | Reached skill level 20 in Unarmed Combat
 35764 | Elf:3    | Entered Level 3 of the Elven Halls
 35764 | Elf:3    | Found Wiapru Diah's Book Shop.
 36267 | Elf:3    | Identified the +1 plate armour of Zuova {rC+ Will+ Dex-3}
 36278 | Elf:3    | Reached skill level 14 in Transmutations
 36372 | Elf:3    | Found Fann's Assorted Antiques.
 36380 | Elf:3    | Found Hyphol's Magic Scroll Emporium.
 36384 | Elf:3    | Bought a scroll of magic mapping for 90 gold pieces
 36616 | Elf:3    | a deep elf sorcerer comes into view. It is wielding a +2
                  | dagger of holy wrath, wearing a +3 leather armour of fire
                  | resistance and wearing the necklace of Bloodlust {*Rage
                  | Will++ Int-3 Slay+6}.
 36767 | Elf:3    | Gained mutation: Your magical and physical power is
                  | enhanced at high health. [demonic ancestry]
 36767 | Elf:3    | Reached XP level 21. HP: 166/166 MP: 29/29
 36866 | Elf:3    | Identified a +1 robe of the Archmagi
 36974 | Elf:3    | Identified the ring "Agek Gill" {rN+ MP+9 Str-3 Int+6}
 37020 | Elf:3    | Got the Teachings on Haze
 37105 | Elf:3    | You add the spells Malign Gateway and Summon Horrible
                  | Things to your library.
 37228 | Elf:3    | You pick up a book of Touch and begin reading...
 37840 | Vaults:1 | Entered Level 1 of the Vaults
 38105 | Vaults:1 | HP: 51/215 [cyan very ugly thing (6)]
 38629 | Vaults:1 | Reached skill level 15 in Transmutations
 38659 | Vaults:1 | You pick up a book of Spatial Translocations and begin
                  | reading...
 39019 | Vaults:1 | Found a runed translucent gate.
 39019 | Vaults:1 | Found a runed translucent gate.
 39019 | Vaults:1 | Found a runed translucent gate.
 39021 | Vaults:1 | Noticed Putsipo's ghost (veteran GrGl)
 39514 | Vaults:1 | Identified the +11 battleaxe of the Candelabrum {drain,
                  | *Corrode +Blink rElec rC+}
 39517 | Vaults:1 | Found an iron altar of Okawaru.
 39539 | Vaults:1 | Killed Putsipo's ghost
 39540 | Vaults:1 | HP: 50/217 [orc warlord/+3 antimagic battleaxe (31)]
 39546 | Vaults:1 | HP: 22/208 [orc warlord/+1 great sword of electrocution
                  | (28)]
 39549 | Vaults:1 | Reached skill level 15 in Fighting
 39867 | Vaults:1 | You pick up a book of Geomancy and begin reading...
 39867 | Vaults:1 | You add the spells Sandblast and Stone Arrow to your
                  | library.
 39967 | Vaults:2 | Reached skill level 21 in Unarmed Combat
 39969 | Vaults:2 | Reached skill level 14 in Dodging
 40552 | Vaults:2 | Noticed Mara
 40561 | Vaults:2 | Killed Mara
 41059 | Vaults:2 | Reached XP level 22. HP: 176/176 MP: 30/30
 41580 | Vaults:3 | Reached skill level 16 in Transmutations
 41625 | Vaults:3 | HP: 56/230 [ironbound convoker/+0 flail (10)]
 41640 | Vaults:3 | Reached skill level 16 in Fighting
 42338 | Vaults:3 | Found Unge's Antique Armour Emporium.
 42518 | Vaults:3 | Found a staircase to the Crypt.
 42903 | Vaults:3 | You fall into a shaft and drop 1 floor!
 42944 | Vaults:4 | Found Onicrom's Armour Emporium.
 43642 | Vaults:4 | Found Wuhyrub's Antique Armour Shoppe.
 43696 | Vaults:4 | Noticed Jory
 43707 | Vaults:4 | Killed Jory
 43916 | Vaults:4 | Reached skill level 22 in Unarmed Combat
 44173 | Vaults:4 | Found Okloul's Antique Armour Shop.
 44680 | Vaults:5 | Entered Level 5 of the Vaults
 44704 | Vaults:4 | Reached skill level 17 in Fighting
 44816 | Vaults:4 | Reached skill level 17 in Transmutations
 44822 | Vaults:4 | HP: 58/235 [vault guard/+0 dire flail (9)]
 45084 | Vaults:4 | Reached skill level 15 in Dodging
 45252 | Vaults:5 | Reached XP level 23. HP: 188/188 MP: 31/31
 45270 | Vaults:5 | HP: 32/188 [yaktaur captain/bolt (18)]
 45272 | Vaults:5 | HP: 9/188 [quicksilver dragon (10)]
 45272 | Vaults:5 | Shot with a bolt by a yaktaur captain

Vanquished Creatures
  Mara (Vaults:2)
  the Lernaean hydra (Swamp:4)
  The ghost of Putsipo the Middleweight Champion, a veteran GrGl of Makhleb (Vaults:1)
  Jory (Vaults:4)
  Nikola (Snake:2)
  Jorgrun (Swamp:2)
  Mlioglotl (Swamp:3)
  A tentacled monstrosity (Vaults:5)
  A deep elf blademaster (Elf:3)
  A titan (Vaults:4)
  A lich (Vaults:5)
  2 deep elf master archers (Elf:3)
  2 sphinxes
  Donald (Swamp:3)
  A storm dragon (Vaults:5)
  2 tengu reavers
  A revenant (Vaults:3)
  3 fenstrider witches
  2 nagarajas
  A shadow dragon (Vaults:5)
  12 vault wardens
  Louise (Snake:2)
  4 deep elf sorcerers (Elf:3)
  An orc warlord (Vaults:1)
  Aizul (Snake:2)
  A reaper (IceCv)
  A deep elf elementalist (Elf:3)
  4 very ugly things (Vaults:1)
  18 ironbound preservers
  6 ironbound thunderhulks
  2 war gargoyles (Vaults:4)
  4 stone giants
  An eleionoma (Swamp:2)
  8 deep elf annihilators
  3 minotaurs
  5 deep elf demonologists (Elf:3)
  A bunyip (shapeshifter) (D:10)
  3 bunyips
  An eidolon (Vaults:3)
  3 ettins
  8 deep elf death magi
  13 yaktaur captains
  An entropy weaver (Vaults:1)
  2 great orbs of eyes
  Fannar (D:12)
  5 salamander tyrants
  2 shambling mangroves
  An ice dragon (D:15)
  3 deep elf high priests
  Harold (D:10)
  24 hydras
  5 ironbound frosthearts
  18 centaur warriors
  28 vault guards
  Erolcha (D:13)
  A ghost crab (Swamp:1)
  5 peacekeepers
  21 two-headed ogres
  5 boulder beetles
  6 ogre magi
  4 catoblepae
  16 anacondas
  8 naga warriors
  5 tengu warriors
  25 dancing weapons
  10 alligators
  A deep troll earth mage (Vaults:5)
  A death scarab (Swamp:2)
  2 death yaks (Lair:4)
  7 shock serpents
  14 deep elf knights
  16 naga sharpshooters
  A soul eater (Vaults:3)
  A wretched star (Gauntlet)
  A fire crab (Lair:5)
  4 salamander mystics
  A bunyip zombie (Swamp:2)
  47 deep trolls
  6 goliath frogs (Swamp:2)
  5 skeletal warriors (D:13)
  A swamp dragon (shapeshifter) (Vaults:4)
  2 spriggan druids
  A spectral anaconda (Snake:3)
  Amaemon (D:11)
  A death drake (Swamp:2)
  11 swamp dragons
  19 bog bodies
  5 wizards
  5 naga ritualists
  2 bunyip skeletons (Swamp:2)
  3 phantasmal warriors
  13 ironbound convokers
  17 lindwurms
  3 anaconda skeletons (Snake:3)
  6 deep elf archers
  A glowing orange brain (Vaults:3)
  4 necromancers
  5 orc knights
  10 mana vipers
  A wolf spider (Lair:5)
  29 deep elf pyromancers
  19 deep elf zephyrmancers
  2 will-o-the-wisps
  3 orc sorcerers
  5 harpies (Vaults:1)
  4 manticores
  The ghost of SlaveLabor the Covert, a novice SpEn of Ashenzari (D:8)
  A cyclops (shapeshifter) (D:14)
  18 ugly things
  A wolf spider zombie (D:15)
  A human skeleton (Vaults:2)
  44 black mambas
  Maurice (D:11)
  24 salamanders
  14 vault sentinels
  A stone giant skeleton (Vaults:2)
  2 ice statues (IceCv)
  5 cyclopes
  2 elephants
  20 naga magi
  7 guardian serpents
  An orange demon (D:11)
  2 gargoyles
  An unseen horror (D:11)
  Maggie (D:6)
  A torpor snail (Lair:5)
  9 cane toads
  4 efreet
  2 kobold demonologists
  9 komodo dragons
  3 rime drakes
  4 tengu conjurers
  5 ice devils (IceCv)
  4 anaconda simulacra
  2 freezing wraiths
  38 yaktaurs
  7 trolls
  3 tyrant leeches
  9 hornets
  10 polar bears (Lair:5)
  A tarantella (shapeshifter) (Elf:3)
  19 blink frogs
  3 raiju (Lair:5)
  A meliai zombie (D:15)
  7 dream sheep
  2 air elementals
  2 centaur simulacra (D:15)
  A frost giant simulacrum (Vaults:2)
  38 slime creatures
  A shadow (D:10)
  5 spriggans
  32 yaks
  A vampire (D:10)
  6 wyverns
  2 water elementals
  Grum (Lair:1)
  4 basilisks
  2 fire elementals
  2 death yak simulacra (IceCv)
  A neqoxec (Gauntlet)
  2 sea snake simulacra (Snake:3)
  A golden eye (shapeshifter) (D:9)
  4 steam dragons
  8 wargs
  18 vampire mosquitoes
  40 nagas
  18 swamp worms
  2 glowing shapeshifter zombies (Vaults:2)
  2 acid dragons
  2 hydra simulacra (IceCv)
  18 water moccasins
  14 hell hounds (Lair:5)
  8 swamp drakes
  A guardian serpent simulacrum (Snake:3)
  17 orc warriors
  A glowing shapeshifter skeleton (Vaults:2)
  A naga skeleton (Snake:3)
  A hornet zombie (Swamp:2)
  14 black bears
  A sky beast (D:8)
  An ice beast (D:6)
  An ettin simulacrum (Vaults:2)
  24 wolves
  29 ogres
  5 boggarts (Vaults:3)
  16 centaurs
  5 kobold brigands
  A phantom (D:7)
  5 bullfrogs
  A gnoll sergeant (D:7)
  4 scorpions
  2 earth elementals
  2 necrophages
  A two-headed ogre simulacrum (IceCv)
  A cane toad simulacrum (IceCv)
  3 killer bees (D:11)
  2 spectral nagas (Snake:3)
  2 elephant simulacra (IceCv)
  4 electric eels
  5 howler monkeys
  A human simulacrum (Vaults:2)
  2 hounds
  8 orc priests
  16 jellies
  A small abomination (Gauntlet)
  2 gnoll boudas
  An iguana (D:5)
  A boggart zombie (D:15)
  10 orc wizards
  2 troll simulacra (IceCv)
  5 spriggan simulacra
  17 gnolls
  5 adders
  8 naga simulacra
  3 white imps
  4 ufetubi
  3 worms
  4 dart slugs
  68 orcs
  4 ball pythons
  3 endoplasms
  2 giant cockroaches (D:2)
  5 hobgoblins
  7 jackals
  16 kobolds
  3 bats
  2 frilled lizards
  12 goblins
  5 rats
1500 creatures vanquished.

Vanquished Creatures (collateral kills)
  An ancient champion (Vaults:3)
  An orc warlord (Vaults:1)
  2 very ugly things (Vaults:1)
  A bunyip (Swamp:4)
  2 deep elf annihilators (Elf:3)
  A yaktaur captain (Vaults:3)
  A deep elf high priest (Vaults:4)
  3 vault guards (Vaults:4)
  2 centaur warriors
  A naga warrior (Snake:4)
  A naga sharpshooter (Snake:4)
  A shock serpent (Snake:3)
  An ironbound convoker (Vaults:3)
  3 orc knights
  3 deep elf zephyrmancers (Elf:1)
  A deep elf archer (Vaults:1)
  A deep elf pyromancer (Elf:3)
  4 salamanders
  An orc sorcerer (Orc:2)
  A will-o-the-wisp (Swamp:1)
  4 black mambas
  A guardian serpent (Snake:4)
  A vault sentinel (Vaults:3)
  A komodo dragon (D:11)
  An unseen horror (D:12)
  5 yaktaurs
  A troll (Orc:2)
  A dream sheep (Lair:5)
  4 yaks (Lair:3)
  A steam dragon (D:8)
  A naga (Snake:4)
  A water moccasin (Lair:3)
  An acid dragon (D:13)
  3 ogres (Orc:2)
  An orc warrior (Orc:2)
  A bullfrog (Lair:3)
  2 orc priests (D:8)
  An orc wizard (D:8)
  3 gnolls (D:7)
  5 orcs
  2 goblins (D:8)
73 creatures vanquished.

Vanquished Creatures (others)
  A deep elf blademaster (Elf:3)
  A vault warden (Vaults:1)
  An ironbound preserver (Vaults:3)
  An anaconda (Snake:4)
  A death yak (Lair:4)
  A naga warrior (Snake:4)
  A naga sharpshooter (Snake:2)
  A shock serpent (Snake:4)
  A shadow wraith (Vaults:5)
  2 deep trolls (Vaults:2)
  A bog body (Swamp:4)
  A wizard (Vaults:2)
  A deep elf archer (Vaults:1)
  A deep elf pyromancer (Elf:3)
  A salamander (Snake:4)
  A black mamba (Snake:1)
  A naga mage (Snake:4)
  2 yaktaurs
  2 bloated husks
  2 blink frogs
  2 yaks
  2 swamp worms
  A naga (Snake:2)
  A guardian serpent simulacrum (Snake:3)
  A boggart (D:13)
  An ogre (D:15)
  An orc wizard (Orc:2)
  3 orcs
  15 foxfires
  22 fungi
  48 plants
  4 withered plants (Gauntlet)
125 creatures vanquished.

Grand Total: 1698 creatures vanquished

Table legend:
 A = Non-vault XP
 B = Vault XP
 C = Vault XP percentage of total XP
 D = Non-vault monster count
 E = Vault monster count
 F = Vault count percentage of total count
                 A         B        C        D         E       F
            +---------+---------+-------+---------+---------+-------
      Total |  369522 |  340298 |  47.9 |     956 |     638 |  40.0
            +---------+---------+-------+---------+---------+-------
        D:1 |      36 |       0 |   0.0 |      18 |       0 |   0.0
        D:2 |     148 |       0 |   0.0 |      14 |       0 |   0.0
        D:3 |      84 |       1 |   1.2 |      18 |       1 |   5.3
        D:4 |     234 |     111 |  32.2 |      13 |       8 |  38.1
        D:5 |     314 |      27 |   7.9 |       9 |       2 |  18.2
        D:6 |     735 |     395 |  35.0 |      12 |       1 |   7.7
        D:7 |     954 |       0 |   0.0 |      18 |       0 |   0.0
        D:8 |    2961 |     551 |  15.7 |      25 |       5 |  16.7
        D:9 |    3305 |       0 |   0.0 |      24 |       0 |   0.0
       D:10 |    2956 |   10540 |  78.1 |      21 |      17 |  44.7
       D:11 |    2469 |    6304 |  71.9 |       9 |      14 |  60.9
       D:12 |    4740 |     883 |  15.7 |      18 |       1 |   5.3
       D:13 |    7659 |    3426 |  30.9 |      20 |      13 |  39.4
       D:14 |    5377 |       3 |   0.1 |      14 |       2 |  12.5
       D:15 |   15626 |    4136 |  20.9 |      35 |      10 |  22.2
     Lair:1 |    3198 |     515 |  13.9 |      16 |       4 |  20.0
     Lair:2 |    1498 |    1582 |  51.4 |       5 |       6 |  54.5
     Lair:3 |   10220 |    2305 |  18.4 |      37 |       6 |  14.0
     Lair:4 |    7451 |       0 |   0.0 |      21 |       0 |   0.0
     Lair:5 |   12610 |   18402 |  59.3 |      42 |      85 |  66.9
    Swamp:1 |   12473 |       0 |   0.0 |      25 |       0 |   0.0
    Swamp:2 |   14658 |    9710 |  39.8 |      27 |      13 |  32.5
    Swamp:3 |    8912 |    3126 |  26.0 |      18 |       2 |  10.0
    Swamp:4 |    8188 |   24957 |  75.3 |      13 |      37 |  74.0
    Snake:1 |   16336 |     610 |   3.6 |      35 |       1 |   2.8
    Snake:2 |    8255 |    4273 |  34.1 |      21 |       3 |  12.5
    Snake:3 |   28152 |    4863 |  14.7 |      50 |      19 |  27.5
    Snake:4 |   31708 |   25342 |  44.4 |      69 |      43 |  38.4
      Orc:1 |    2739 |       0 |   0.0 |      27 |       0 |   0.0
      Orc:2 |    2933 |   15008 |  83.7 |      29 |      38 |  56.7
      Elf:1 |    9697 |    5522 |  36.3 |      16 |      10 |  38.5
      Elf:2 |    8615 |   22386 |  72.2 |      14 |      31 |  68.9
      Elf:3 |   22223 |   30485 |  57.8 |      37 |      29 |  43.9
   Vaults:1 |   33193 |   26354 |  44.3 |      49 |      36 |  42.4
   Vaults:2 |   18886 |   27416 |  59.2 |      40 |      39 |  49.4
   Vaults:3 |   26624 |   24945 |  48.4 |      47 |      31 |  39.7
   Vaults:4 |   32561 |   32984 |  50.3 |      49 |      36 |  42.4
   Vaults:5 |     794 |   20651 |  96.3 |       1 |      20 |  95.2
     Bailey |       0 |    2892 | 100.0 |       0 |      35 | 100.0
      IceCv |       0 |    5640 | 100.0 |       0 |      30 | 100.0
   Gauntlet |       0 |    3953 | 100.0 |       0 |      10 | 100.0
            +---------+---------+-------+---------+---------+-------

Illustrated notes

Table legend:
 A = Kills in this place as a percentage of kills in entire the game.
 B = Kills by you in this place as a percentage of kills by you in the entire game.
 C = Kills by friends in this place as a percentage of kills by friends in the entire game.
 D = Other kills in this place as a percentage of other kills in the entire game.
 E = Experience gained in this place as a percentage of experience gained in the entire game.
 F = Experience gained in this place divided by the number of levels of this place that you have seen.
                   A       B       C       D       E      F
               +-------+-------+-------+-------+-------+----------------------
         Total | 100.0 | 100.0 | 100.0 | 100.0 | 100.0 | 17312.7
       Dungeon |  21.5 |  21.5 |  24.7 |   4.8 |  10.4 | 4931.7
          Lair |  13.9 |  14.0 |  11.0 |  19.0 |   8.1 | 11556.2
         Swamp |   8.5 |   8.7 |   2.7 |   9.5 |  11.6 | 20506.0
     Snake Pit |  15.1 |  14.9 |  16.4 |  28.6 |  16.8 | 29884.8
  Orcish Mines |   5.9 |   5.8 |   9.6 |   0.0 |   2.9 | 10340.0
   Elven Halls |   8.6 |   8.7 |   8.2 |   4.8 |  13.9 | 32976.0
        Vaults |  21.8 |  21.6 |  24.7 |  28.6 |  34.4 | 48881.6
        Bailey |   2.2 |   2.2 |   2.7 |   0.0 |   0.4 | 2892.0
      Ice Cave |   1.9 |   2.0 |   0.0 |   0.0 |   0.8 | 5640.0
      Gauntlet |   0.6 |   0.6 |   0.0 |   4.8 |   0.6 | 3953.0
               +-------+-------+-------+-------+-------+----------------------

Table legend: (Time is in decaauts)
 A = Elapsed time spent in this place.
 B = Non-inter-level travel time spent in this place.
 C = Inter-level travel time spent in this place.
 D = Time resting spent in this place.
 E = Time spent auto-exploring this place.
 F = Levels seen in this place.
 G = Mean time per level.
                   A        B        C        D        E       F      G
               +--------+--------+--------+--------+--------+-----+--------+
         Total |  50247 |  47872 |   2375 |   1697 |  36658 |  41 | 1225.5 |
       Dungeon |  15355 |  14521 |    834 |    511 |  11297 |  15 | 1023.7 |
          Lair |   7298 |   6815 |    483 |    244 |   5161 |   5 | 1459.6 |
         Swamp |   4905 |   4762 |    143 |    128 |   3696 |   4 | 1226.2 |
     Snake Pit |   5299 |   5171 |    128 |    220 |   3755 |   4 | 1324.8 |
  Orcish Mines |   1755 |   1425 |    330 |     19 |   1095 |   2 |  877.5 |
   Elven Halls |   4809 |   4450 |    359 |    268 |   3207 |   3 | 1603.0 |
        Vaults |   8625 |   8530 |     95 |    235 |   7005 |   5 | 1725.0 |
        Bailey |   1124 |   1124 |      0 |     41 |    837 |   1 | 1124.0 |
      Ice Cave |    587 |    587 |      0 |      0 |    322 |   1 |  587.0 |
      Gauntlet |    487 |    487 |      0 |     30 |    281 |   1 |  487.0 |
               +--------+--------+--------+--------+--------+-----+--------+

Top non-repeatable levels by time:
Vaults:1: 2332 daAuts
Vaults:4: 2331 daAuts
  Lair:5: 2041 daAuts
Vaults:3: 2020 daAuts
   Elf:3: 1951 daAuts
Vaults:2: 1839 daAuts
 Snake:4: 1672 daAuts
 Snake:1: 1653 daAuts
  Lair:3: 1558 daAuts
 Swamp:2: 1517 daAuts
   Elf:2: 1435 daAuts
   Elf:1: 1422 daAuts
  Lair:1: 1421 daAuts
    D:10: 1388 daAuts
 Swamp:4: 1313 daAuts
